 Dungeon Crawl Stone Soup version 0.31.0-4-g52a2dc7128 (webtiles) character file.

Game seed: 17079913755613466439

15 BeingJoeMalik the Poker (level 2, -9/26 HPs)
             Began as a Naga Gladiator on Jan 23, 2024.
             Mangled by Menkaure (15 damage)
             ... on level 4 of the Dungeon.
             The game lasted 00:01:49 (943 turns).

BeingJoeMalik the Poker (Naga Gladiator)             Turns: 943, Time: 00:01:50

Health: -9/26      AC:  3    Str: 16    XL:     2   Next: 50%
Magic:  0/2        EV: 10    Int:  8    God:
Gold:   10         SH:  0    Dex: 12    Spells: 1/1 levels left

rFire   . . .        a - +0 trident
rCold   . . .        (no shield)
rNeg    . . .        b - +0 leather armour
rPois   +            c - +0 helmet
rElec   .            (no cloak)
rCorr   .            (no gloves)
SInv    +            (no barding)
Will    .....        h - amulet of guardian spirit
Stlth   +            (no ring)
HPRegen 0.24/turn    (no ring)
MPRegen 0.08/turn

%: guardian spirit
@: short of breath, very slow
A: AC +0, large, see invisible, deformed body, poison resistance, slowness 2,
spit poison 1, naga tail 1
a: Spit Poison


You were on level 4 of the Dungeon.
You visited 1 branch of the dungeon, and saw 3 of its levels.

You collected 10 gold pieces.

Inventory:

Hand Weapons
 a - a +0 trident (weapon)
Missiles
 d - 3 throwing nets
 e - a javelin
Armour
 b - a +0 leather armour (worn)
 c - a +0 helmet (worn)
Jewellery
 h - an amulet of guardian spirit (around neck)
Potions
 f - a potion of enlightenment


   Skills:
 - Level 2.0 Fighting
 + Level 3.8 Polearms
 - Level 1.7 Throwing
 - Level 2.4 Dodging


You had one spell level left.
You didn't know any spells.
Your spell library was empty.

Dungeon Overview and Level Annotations

Branches:
Dungeon (2/15)

Altars:

Annotations:
D:4 Menkaure


Innate Abilities, Weirdness & Mutations

Your serpentine skin is tough. (AC +0)
You have supernaturally acute eyesight. (SInv)
Armour fits poorly on your strangely shaped body.
Your system is resistant to poisons. (rPois)
You cover ground very slowly.
You can spit poison.
You have a snake-like lower body.


Message History

Menkaure and an adder come into view.
Found a stone staircase leading up.
Menkaure shouts!
The adder hisses angrily.
Menkaure casts a spell.
Menkaure seems to speed up.
A ball python comes into view.
The ball python hisses angrily.
The ball python bites you.
Menkaure points at you and mumbles some strange words.
Pain shoots through your body! Menkaure barely misses you.
The ball python bites you.
Menkaure sighs a few words.
Menkaure attacks as he pursues you! Menkaure hits you!
Menkaure calls on the powers of darkness!
Your body is wracked with pain!
The adder convulses!
Okay, then.
Unknown command.
Unknown command.
Aiming: Spit Poison (2% risk of failure)
Press: ? - help, Q - select action, (/) - cycle Shift-Dir - straight line, f - Menkaure
Aim: Menkaure (fast, 81% to hit)
The splash of poison hits Menkaure.
Menkaure completely resists.
Menkaure closely misses you.
Unknown command.
Unknown command.
You can't do that yet.
Unknown command.
Unknown command.
You hit Menkaure.
Menkaure is moderately damaged.
Menkaure calls on the powers of darkness!
Your body is wracked with pain!
* * * LOW HITPOINT WARNING * * *
The adder convulses!
Menkaure barely misses you.
Unknown command.
You closely miss Menkaure.
Menkaure is moderately damaged.
Menkaure hits you!
Ouch! That really hurt!
You die...

.......
......
......
#...### ##
#.....##.#
###<#.#.#
##SS.#
##M## #@#
#.# #.#
#.# #.#
#.# ..#
###


You could see Menkaure (fast), an adder and a ball python.

Vanquished Creatures
  2 bats (D:1)
  A goblin (D:1)
  2 hobgoblins (D:1)
  2 jackals (D:1)
  A kobold (D:1)
  A quokka (D:1)
  A ball python (D:1)
  4 rats (D:1)
14 creatures vanquished.

Notes
Turn   | Place    | Note
-------+----------+-------------------------------------------
     0 | D:1      | BeingJoeMalik the Naga Gladiator began the quest for the
                  | Orb.
     0 | D:1      | Reached XP level 1. HP: 19/19 MP: 1/1
   299 | D:1      | Reached XP level 2. HP: 26/26 MP: 2/2
   931 | D:2      | You fall into a shaft and drop 2 floors!
   936 | D:4      | Noticed Menkaure
   943 | D:4      | Mangled by Menkaure

Illustrated notes

Levels and vault maps discovered:
D:1:      eino_arrival_cavern_e, layout_basic
D:2:      layout_basic, serial_shops,
          nicolae_shop_temple_entry_statues_fountains, uniq_natasha
D:4:      layout_loops_corners, enter_ossuary_1, grunt_ministairs_10,
          nicolae_figureground_sparkle, uniq_sigmund, uniq_crazy_yiuf_cottage,
          uniq_menkaure

Action                     || total
---------------------------++-------
  Melee: Trident           ||    35
  Throw: Throwing net      ||     1
Ability: Spit Poison       ||     9
    Use: Scroll            ||     2
 Armour: Leather armour    ||    24
  Dodge: Dodged            ||    14
